Kradschützen Motorcycle Team
Selects Italian Combined Arms Battlegroup
Selects Italian Combined Arms Battlegroup
Selects Bersaglieri Squad
Construct Light Support Kompanie
Panzerjäger Mechanized Group
Selects Semovente da 75/18 Assault Gun
Semovente da 75/18 Assault Gun
Selects Carro Armato M13/40 Light Tank
Carro Armato M13/40 Light Tank
Semovente da 75/18 Assault Gun
Carro Armato M13/40 Light Tank
Construct Mechanized Kompanie
Marder III Tank Destroyer
Selects Bersaglieri Bolster
Selects Vehicle Support - Secure Location
Selects Vehicle Support - Force Recon
18-tonne Recovery Half-track
Carro Armato M13/40 Light Tank
Carro Armato M13/40 Light Tank
254 Reconnaissance Tractor
Marder III Tank Destroyer